 Dungeon Crawl Stone Soup version 0.20.1-1-g8b1a95d (webtiles) character file.

65 Harlock the Skirmisher (level 4, -4/29 HPs)
             Began as a Gargoyle Abyssal Knight on Aug 29, 2017.
             Was a Believer of Lugonu.
             Slain by Crazy Yiuf
             ... wielding a +3 quarterstaff of chaos
              (9 damage)
             ... on level 2 of the Dungeon.
             The game lasted 00:05:26 (1714 turns).

Harlock the Skirmisher (Gargoyle Abyssal Knight)    Turns: 1714, Time: 00:05:27

Health: -4/29      AC:  7    Str: 17    XL:     4   Next: 14%
Magic:  5/5        EV: 11    Int: 12    God:    Lugonu [**....]
Gold:   48         SH:  0    Dex:  9    Spells: 3/3 levels left

rFire    . . .     SeeInvis .   a - +1 mace
rCold    . . .     Gourm    .   (no shield)
rNeg     + . .     Faith    .   b - +0 leather armour
rPois    ∞         Spirit   .   (no helmet)
rElec    +         Reflect  .   (no cloak)
rCorr    .         Harm     .   (no gloves)
MR       .....                  (no boots)
Stlth    +.........             (no amulet)
Regen    0.1/turn               (no ring)
MPRegen  0.1/turn               (no ring)

@: no status effects
A: negative energy resistance 1, electricity resistance, unbreathing,
petrification resistance, rot immunity, AC +3
a: Depart the Abyss, Bend Space, Renounce Religion


You were on level 2 of the Dungeon.
You worshipped Lugonu.
Lugonu was pleased with you.
You were not hungry.

You visited 1 branch of the dungeon, and saw 2 of its levels.
You visited the Abyss 1 time.

You collected 48 gold pieces.

Inventory:

Hand Weapons
 a - a +1 mace (weapon)
Armour
 b - a +0 leather armour (worn)
 e - a scarf of repulsion
Jewellery
 c - an uncursed amulet of magic regeneration {unknown}
 j - an uncursed ring of flight {unknown}
 m - an uncursed ring of wizardry {unknown}
Scrolls
 h - 3 scrolls of identify {unknown}
 k - 3 scrolls of teleportation {unknown}
 o - a scroll of enchant weapon {unknown}
 p - a scroll of amnesia {unknown}
Potions
 d - a potion of curing
 f - a potion of ambrosia {unknown}
 g - a potion of might {unknown}
 i - a potion of berserk rage {unknown}
 l - a potion of degeneration {unknown}
Comestibles
 n - a royal jelly


   Skills:
 + Level 4.0 Fighting
 + Level 2.9 Maces & Flails
 + Level 3.1 Armour
 + Level 1.0 Dodging
 + Level 0.2 Stealth
 + Level 2.0 Invocations


You had 3 spell levels left.
You didn't know any spells.

Dungeon Overview and Level Annotations

Branches:
Dungeon (2/15)

Altars:

Annotations:
D:2 Crazy Yiuf


Innate Abilities, Weirdness & Mutations

You are resistant to torment.
Your stone body is resilient. (AC +3)
You are immune to poison.
You resist negative energy. (rN+)
You are resistant to electric shocks. (rElec)
You can survive without breathing.
You are immune to petrification.
You are immune to rotting.


Message History

Okay, then.
You aren't carrying or standing over any spellbooks.
You barely miss Crazy Yiuf.
Crazy Yiuf hits you with a quarterstaff of chaos.
You barely miss Crazy Yiuf. Crazy Yiuf hits you but does no damage.
You suddenly lose the ability to move!
Crazy Yiuf hits you but does no damage.
Crazy Yiuf hits you with a quarterstaff of chaos!
Crazy Yiuf burns you.
Crazy Yiuf hits you with a quarterstaff of chaos!
* * * LOW HITPOINT WARNING * * *
Crazy Yiuf burns you.
* * * LOW HITPOINT WARNING * * *
You can move again.
It was a potion of curing.
You feel better. Crazy Yiuf hits you but does no damage.
Space bends around you.
* * * LOW HITPOINT WARNING * * *
You closely miss Crazy Yiuf. Crazy Yiuf closely misses you.
You hit Crazy Yiuf but do no damage.
Crazy Yiuf hits you with a quarterstaff of chaos!
You die...

#..............#
###..............#
#................#
#.################
#.# #.########
#.#....#.### ####
#....P..#..##...#
#....#.####.@g..#
##...P## ###..)#
###### ####


You could see Crazy Yiuf.

Vanquished Creatures
  3 adders (D:2)
  An ooze (D:2)
  A worm (D:2)
  A dart slug (D:1)
  2 leopard geckos
  3 bats
  2 giant cockroaches (D:2)
  2 goblins
  3 hobgoblins
  A quokka (D:2)
  2 frilled lizards (D:1)
  3 kobolds (D:2)
  6 rats
  3 fungi (D:2)
33 creatures vanquished.

Notes
Turn   | Place    | Note
-------+----------+-------------------------------------------
     0 | Abyss:1  | Harlock the Gargoyle Abyssal Knight began the quest for the Orb.
     0 | Abyss:1  | Reached XP level 1. HP: 14/14 MP: 2/2
    15 | D:1      | Escaped the Abyss
   227 | D:1      | Reached XP level 2. HP: 8/19 MP: 3/3
  1131 | D:2      | Reached XP level 3. HP: 19/24 MP: 4/4
  1173 | D:2      | Reached skill level 4 in Fighting
  1362 | D:2      | Reached ** piety under Lugonu
  1396 | D:2      | Reached skill level 1 in Dodging
  1396 | D:2      | Reached XP level 4. HP: 14/29 MP: 5/5
  1700 | D:2      | Found a runed door.
  1704 | D:2      | Noticed Crazy Yiuf
  1708 | D:2      | Paralysed by Crazy Yiuf for 4 turns
  1714 | D:2      | Slain by Crazy Yiuf

Skill      XL: |  1  2  3 |
---------------+----------+-----
Fighting       | 4 |  4.0
Armour         | 3 |  3.1
Dodging        | 1 |  1.0
Maces & Flails | |  2.9
Stealth        | |  0.2
Invocations    | |  2.0

Action                   |  1- 3 |  4- 6 || total
-------------------------+-------+-------++-------
Melee: Mace              |   119 |    44 ||   163
  Use: Potion            |       |     1 ||     1
  Eat: Chunk             |     1 |       ||     1
       Bread ration      |     1 |       ||     1
Armor: Leather armour    |    46 |     4 ||    50
Dodge: Dodged            |   105 |     3 ||   108
